 Dungeon Crawl Stone Soup version 0.29-a0-648-g6b26cc9f40 (webtiles) character file.

Game seed: 16556750696386877841

72 Locuples the Sneak (level 4, -1/26 HPs)
             Began as a Kobold Brigand on June 20, 2022.
             Slain by an iguana (2 damage)
             ... on level 3 of the Dungeon.
             The game lasted 00:05:48 (2335 turns).

Locuples the Sneak (Kobold Brigand)                 Turns: 2335, Time: 00:05:48

Health: -1/26      AC:  3    Str:  8    XL:     4   Next: 50%
Magic:  4/4        EV: 15    Int: 12    God:
Gold:   99         SH:  0    Dex: 18    Spells: 3/3 levels left

rFire   . . .      SeeInvis .   l - +2 dagger (vamp)
rCold   . . .      Faith    .   (no shield)
rNeg    . . .      Spirit   .   b - +0 robe
rPois   .          Reflect  .   (no helmet)
rElec   .          Harm     .   c - +0 cloak
rCorr   .          Rampage  .   (no gloves)
Will    .....                   (no boots)
Stlth   +++++.....              (no amulet)
HPRegen 0.08/turn               (no ring)
MPRegen 0.09/turn               (no ring)

@: attractive
A: small, no large weapons, nightstalker 3
a: no special abilities


You were on level 3 of the Dungeon.
You visited 1 branch of the dungeon, and saw 3 of its levels.

You collected 99 gold pieces.

Inventory:

Hand Weapons
 a - a +2 dagger
 l - a +2 vampiric dagger (weapon)
Missiles
 d - 9 poisoned darts (quivered)
 e - 3 curare-tipped darts
Armour
 b - a +0 robe (worn)
 c - a +0 cloak (worn)
Scrolls
 g - a scroll of poison {unknown}
 h - a scroll of vulnerability {unknown}
 i - 3 scrolls of identify
 k - a scroll of amnesia {unknown}
 m - a scroll of silence {unknown}
 n - a scroll of blinking {unknown}
 q - a scroll of summoning {unknown}
 r - a scroll of teleportation {unknown}
Potions
 f - 2 potions of brilliance
 j - 2 potions of ambrosia {unknown}
 o - 2 potions of curing {unknown}
 p - a potion of mutation {unknown}
 t - a potion of invisibility {unknown}


   Skills:
 - Level 2.1 Fighting
 * Level 2.8 Short Blades
 - Level 2.1 Throwing
 - Level 2.0 Dodging
 * Level 7.5 Stealth


You had 3 spell levels left.
You didn't know any spells.
Your spell library contained the following spells:

 Spells                   Type           Power      Damage    Failure   Level
 Blink                    Tloc           0%         N/A       45%         2
 Manifold Assault         Tloc           0%         N/A       100%        5
 Storm Form               Tmut/Air       0%         N/A       100%        7


Dungeon Overview and Level Annotations

Branches:
Dungeon (3/15)

Altars:


Innate Abilities, Weirdness & Mutations

You are small and have problems with some larger weapons.
You are completely attuned to the shadows.


Message History

You hit the iguana.
The iguana is heavily wounded.
The iguana bites you!
You hit the iguana but do no damage.
The iguana is heavily wounded.
The iguana closely misses you.
You hit the iguana.
You feel better.
The iguana is heavily wounded.
The iguana completely misses you.
You hit the iguana.
You feel better.
You punch the iguana, but do no damage.
The iguana is heavily wounded.
You hit the iguana but do no damage.
The iguana is heavily wounded.
The iguana bites you!
* * * LOW HITPOINT WARNING * * *
You hit the iguana.
The iguana is heavily wounded.
The iguana closely misses you.
You completely miss the iguana.
The iguana is heavily wounded.
The iguana closely misses you. The iguana attacks as you move away!
The iguana barely misses you.
You see here a giant cockroach corpse.
The iguana attacks as you move away! The iguana closely misses you.
The iguana attacks as you move away! The iguana closely misses you.
The iguana closely misses you.
You closely miss the iguana.
The iguana is heavily wounded.
The iguana barely misses you. The iguana bites you.
* * * LOW HITPOINT WARNING * * *
The iguana attacks as you move away! The iguana barely misses you.
Okay, then.
It was a potion of attraction.
You feel attractive to monsters. The iguana closely misses you.
You hit the iguana but do no damage.
The iguana is heavily wounded.
The iguana bites you.
You die...

......<#..............#
b.........<###........#
......†....# #..).....#
...........########.###
##########..# #.# ##.# ####.##
#.# #.....# #.# #.##..#### #@## #
#......# #l.# #.#..#####
##.###......###### ###########
#..####..#.#..... ..........#
##.## #..#.#.#### ..........#
##..###..#.#.# .........)#
#.....)..#.#.### ..†.......#
#.#..###.#.....#
..........#######.##.###.###.#.##


You could see an iguana.

Vanquished Creatures
  2 adders (D:2)
  A worm (D:2)
  2 dart slugs (D:1)
  4 endoplasms (D:1)
  4 giant cockroaches
  5 hobgoblins
  2 jackals (D:2)
  6 kobolds
  2 quokkas
  7 ball pythons
  4 bats
  A frilled lizard (D:2)
  3 goblins
  A rat (D:2)
44 creatures vanquished.

Vanquished Creatures (others)
  5 plants (D:2)
5 creatures vanquished.

Grand Total: 49 creatures vanquished

Notes
Turn   | Place    | Note
-------+----------+-------------------------------------------
     0 | D:1      | Locuples the Kobold Brigand began the quest for the Orb.
     0 | D:1      | Reached XP level 1. HP: 12/12 MP: 1/1
   196 | D:1      | Reached XP level 2. HP: 17/17 MP: 2/2
   340 | D:1      | Reached skill level 6 in Stealth
   837 | D:1      | Reached XP level 3. HP: 21/21 MP: 3/3
  1238 | D:2      | Reached skill level 7 in Stealth
  1293 | D:2      | Reached XP level 4. HP: 26/26 MP: 4/4
  1407 | D:2      | Found a faded altar of an unknown god.
  2331 | D:3      | HP: 1/26 [iguana (5)]
  2335 | D:3      | Slain by an iguana

Illustrated notes

Levels and vault maps discovered:
D:1:      saegor_arrival_simple_c, layout_basic, nrook_campfire
D:2:      wad_crossroads, layout_basic, hellmonk_ecumenical_altar_run_dry,
          serial_bayou_ford_a, chequers_serial_rivers_large_b
D:3:      layout_basic, overflow_temple_1_default, serial_park_tiny_2

Skill      XL: |  1  2  3  4 |
---------------+-------------+-----
Stealth        | 6 7 |  7.5
Dodging        | 2 |  2.0
Fighting       | |  2.1
Short Blades   | |  2.8
Throwing       | |  2.1

Action                   |  1- 3 |  4- 6 || total
-------------------------+-------+-------++-------
Melee: Dagger            |    72 |    62 ||   134
       Punch             |     2 |     1 ||     3
  Use: Scroll            |     1 |       ||     1
       Potion            |       |     1 ||     1
 Stab: Sleeping          |    16 |     6 ||    22
Armor: Robe              |     7 |     6 ||    13
Dodge: Dodged            |    34 |    48 ||    82

Table legend: (Time is in decaauts)
 A = Elapsed time spent in this place.
 B = Non-inter-level travel time spent in this place.
 C = Inter-level travel time spent in this place.
 D = Time resting spent in this place.
 E = Time spent auto-exploring this place.
 F = Levels seen in this place.
 G = Mean time per level.
                   A        B        C        D        E       F      G
               +--------+--------+--------+--------+--------+-----+--------+
         Total |   2367 |   2367 |      0 |     34 |   1937 |   3 |  789.0 |
       Dungeon |   2367 |   2367 |      0 |     34 |   1937 |   3 |  789.0 |
               +--------+--------+--------+--------+--------+-----+--------+

Top non-repeatable levels by time:
     D:1: 1152 daAuts
     D:2: 1002 daAuts
     D:3: 213 daAuts
